Map: Lost and Found LE

Players

ILIEKEGGPIE

  • Race: Protoss Protoss
  • League: Platinum
  • Spawn Location: 1:00

SaltSnake - Winner!

  • Race: Protoss Protoss
  • League: Platinum
  • Spawn Location: 7:00

VOD

Have the link to the VOD?

Description

Time

  • Played on: May 18, 2018, 11:52 a.m.
  • Length: 2:40
Show
View Real Time Build Order
Export as new Build Order

ILIEKEGGPIE Protoss 

Build Orders:  

Get SALT Encoding   

  12  0:00  Probe  
  13  0:13  Probe  
  14  0:22  Pylon  
  14  0:27  Probe  
  15  0:37  Probe  
  15  0:40  Gateway  
  16  0:45  Probe  
  17  0:54  Probe  
  17  0:56  Assimilator  
  18  1:05  Assimilator  
  18  1:06  Probe  
  20  1:18  Probe  
  20  1:25  Pylon  
  20  1:30  Probe  
  20  1:32  Cybernetics Core  
  21  1:42  Probe  
  22  1:49  Gateway  
  22  1:54  Probe  
  23  2:06  Probe  
  24  2:19  Robotics Facility, Pylon  
  24  2:26  Shield Battery  
Show
View Real Time Build Order
Export as new Build Order

SaltSnake Protoss - Winner!

Build Orders:  

Get SALT Encoding   

  1  0:00  Probe  
  12  0:05  Probe  
  14  0:19  Pylon  
  14  0:31  Probe  
  15  0:43  Probe  
  16  0:56  Probe, Pylon  
  17  1:16  Gateway  
  17  1:18  Gateway  
  17  1:20  Gateway  
  17  1:58  Probe  
  17  1:59  Zealot x2  
  18  2:03  Assimilator  
  18  2:06  Zealot  
  24  2:16  Probe  
  25  2:25  Cybernetics Core  
  25  2:29  Assimilator  
Tags
 
Matchup
PvP
Replay Pack
Multi
Spawn Locations
Cross Positions
Add a new tag
Caveats
  • Supply blocks, unpowered buildings, or Contaminate may cause inaccurate times.
  • Supply counts are checked every 10 seconds.